 Dungeon Crawl Stone Soup version 0.29.1-13-g9f3cf754e1 (webtiles) character file.

Game seed: 17085799257390364634

8 protoss039 the Digger (level 2, 20/20 HPs)
             Began as a Demonspawn Earth Elementalist on Feb 9, 2023.
             Got out of the dungeon alive.
             The game lasted 00:00:31 (247 turns).

protoss039 the Digger (DsEE)                         Turns: 247, Time: 00:00:32

Health: 20/20      AC:  2    Str: 14    XL:     2   Next: 0%
Magic:  5/5        EV: 12    Int: 16    God:
Gold:   10         SH:  0    Dex: 13    Spells: 4/5 levels left

rFire   . . .      SeeInvis .   (no weapon)
rCold   . . .      Faith    .   (no shield)
rNeg    . . .      Spirit   .   a - +0 robe
rPois   .          Reflect  .   (helmet restricted)
rElec   .          Harm     .   (no cloak)
rCorr   .          Rampage  .   (no gloves)
Will    .....                   (no boots)
Stlth   ++........              (no amulet)
HPRegen 0.06/turn               c - +6 ring of strength
MPRegen 0.09/turn               (no ring)

@: no status effects
A: antennae 1
a: no special abilities


You escaped.
You visited 1 branch of the dungeon, and saw 1 of its levels.

You collected 10 gold pieces.

Inventory:

Armour
 a - a +0 robe (worn)
Jewellery
 c - a +6 ring of strength (left hand)
Potions
 b - a potion of magic


   Skills:
 + Level 0.7 Fighting
 - Level 1.7 Dodging
 - Level 1.7 Stealth
 + Level 2.2 Spellcasting
 - Level 0.8 Transmutations
 + Level 2.9 Earth Magic


You had 4 spell levels left.
You knew the following spells:

 Your Spells              Type           Power      Damage    Failure   Level
a - Sandblast             Erth           22%        2d7       6%          1

Your spell library contained the following spells:

 Spells                   Type           Power      Damage    Failure   Level
 Passwall                 Tmut/Erth      5%         N/A       14%         2
 Stone Arrow              Conj/Erth      12%        3d7       32%         3
 Petrify                  Tmut/Erth      7%         N/A       67%         4


Dungeon Overview and Level Annotations

Branches:
Dungeon (1/15) Zot: 5750

Altars:


Innate Abilities, Weirdness & Mutations

You have a pair of small antennae on your head.


Message History

Unknown command.
You start resting.
Magic restored.
You start resting.
HP restored.
Found a dagger.
You see here a +0 dagger.
An endoplasm comes into view.
An endoplasm is nearby!
An endoplasm is nearby!
An endoplasm is nearby!
An endoplasm is nearby!
An endoplasm is nearby!
An endoplasm is nearby!
An endoplasm is nearby!
Casting: Sandblast (safe; 6% risk of failure)
Confirm with . or Enter, or press ? or * to list all spells.
Aiming: Sandblast (safe; 6% risk of failure)
Press: ? - help, Shift-Dir - straight line, f - endoplasm
Aim: an endoplasm (asleep, 100% to hit)
The blast of sand hits the endoplasm.
The endoplasm is almost dead.
The endoplasm quivers.
Unknown command.
Casting: Sandblast (safe; 6% risk of failure)
Confirm with . or Enter, or press ? or * to list all spells.
Aiming: Sandblast (safe; 6% risk of failure)
Press: ? - help, Shift-Dir - straight line, f/p - endoplasm
Aim: an endoplasm (almost dead, 98% to hit)
The blast of sand hits the endoplasm!
You kill the endoplasm!
You have reached level 2!
Your demonic ancestry asserts itself...
A pair of antennae grows on your head!
Magic restored.
A frilled lizard comes into view.
You see here a +0 dagger.
There is a staircase leading out of the dungeon here.
Are you sure you want to leave the Dungeon?
This will make you lose the game!
You have escaped!

#.#......#### ...
##.#..##.# .. ##.####.#
#.# # ## #.# ..# ..
###.########..##..#
##.................
#....P#~#P.....P#
#.#.P##~##P...P##~##
#####.#..~~~~~..@..~~~~~
........P##~##P...P##~##
#######..P#~#P.....P#~
#................
########..........
###########


There were no monsters in sight!

Vanquished Creatures
  A dart slug (D:1)
  A ball python (D:1)
  2 endoplasms (D:1)
  A hobgoblin (D:1)
5 creatures vanquished.

Notes
Turn   | Place    | Note
-------+----------+-------------------------------------------
     0 | D:1      | protoss039 the Demonspawn Earth Elementalist began the
                  | quest for the Orb.
     0 | D:1      | Reached XP level 1. HP: 13/13 MP: 3/3
   142 | D:1      | Gained mutation: You have a pair of small antennae on your
                  | head. [demonic ancestry]
   142 | D:1      | Reached XP level 2. HP: 20/20 MP: 1/5
   247 | D:$      | Got out of the dungeon alive.

Illustrated notes

Levels and vault maps discovered:
D:1:      eino_arrival_water_cross, layout_loops_corners,
          chequers_ecumenical_altar_simple

Action                   || total
-------------------------++-------
Melee: Unarmed           ||     3
 Cast: Sandblast         ||     7
Dodge: Dodged            ||     1
